 Dungeon Crawl Stone Soup version 0.19-a0-892-g8a19e52 (webtiles) character file.

857 Moloch the Fighter (level 7, -7/63 HPs)
             Began as a Demonspawn Fighter on July 4, 2016.
             Mangled by an ogre
             ... wielding a +0 giant club
              (26 damage)
             ... on level 3 of the Dungeon.
             The game lasted 00:11:00 (3337 turns).

Moloch the Fighter (Demonspawn Fighter)             Turns: 3337, Time: 00:11:00

Health: -7/63      AC: 10    Str: 16    XL:     7   Next: 70%
Magic:  0/7        EV:  6    Int:  9    God:
Gold:   206        SH: 10    Dex: 15    Spells: 0 memorised, 6 levels left

rFire  . . .     SeeInvis .     a - +0 war axe
rCold  . . .     Gourm    .     m - +0 chain mail
rNeg   + . .     Faith    .     c - +1 shield
rPois  .         Spirit   +     (no helmet)
rElec  .         Dismiss  .     (no cloak)
rCorr  .         Reflect  .     (no gloves)
SustAt .         Harm     .     (no boots)
MR     .....                    L - amulet of guardian spirit
Stlth  ..........               v - ring of positive energy
                                K - +2 ring of evasion

@: not resistant to hostile enchantments, extremely unstealthy
A: thin metallic scales 1, nightstalker 2, rot immunity
a: no special abilities


You were on level 3 of the Dungeon.
You were very hungry.

You visited 1 branch of the dungeon, and saw 4 of its levels.
You also visited: Ossuary.

You collected 206 gold pieces.

Inventory:

Hand Weapons
 a - a +0 war axe (weapon)
 E - a +0 short sword
 J - a +0 falchion
Armour
 c - a +1 shield (worn)
 m - a +0 chain mail (worn)
Jewellery
 h - an uncursed ring of poison resistance
 v - a ring of positive energy (right hand)
 w - an uncursed amulet of dismissal
 D - an uncursed ring of flight
 K - a +2 ring of evasion (left hand)
 L - an amulet of guardian spirit (around neck)
Wands
 e - a wand of iceblast (0/15)
Scrolls
 b - 2 scrolls of identify
 i - 3 scrolls of teleportation
 l - a scroll of enchant armour
 o - 2 scrolls of random uselessness {unknown}
 p - a scroll of noise {unknown}
 r - 2 scrolls of remove curse
 s - a scroll of immolation {unknown}
 t - a scroll of amnesia {unknown}
 x - 3 scrolls of magic mapping
 y - a scroll of enchant weapon {unknown}
 F - a scroll of recharging {unknown}
 G - a scroll of fog {unknown}
Potions
 d - a potion of might
 g - 3 potions of cure mutation {unknown}
 j - a potion of magic {unknown}
 n - 5 potions of curing {unknown}
 q - 4 potions of brilliance
 u - 2 potions of haste {unknown}
 z - 2 potions of heal wounds
 H - 2 potions of agility {unknown}
 I - a potion of degeneration {unknown}
 M - a potion of ambrosia {unknown}
 N - a potion of flight {unknown}
 O - a potion of berserk rage {unknown}
Comestibles
 f - 3 bread rations
 k - a meat ration
 A - a royal jelly
 B - 5 fruits


   Skills:
 + Level 8.6 Fighting
 * Level 2.2 Long Blades
 - Level 2.4 Axes
 - Level 2.6 Armour
 - Level 2.6 Shields


You had 6 spell levels left.
You didn't know any spells.

Dungeon Overview and Level Annotations

Branches:
Dungeon (4/15)
 Temple: D:4-7

Altars:
Fedhas
Kikubaaqudgha
Qazlal
Yredelemnul


Innate Abilities, Weirdness & Mutations

You are partially covered in thin metallic scales. (AC +2)
You are significantly more attuned to the shadows.
You are immune to rotting.


Message History

Amnesiac's ghost hits you but does no damage.
You hit Amnesiac's ghost.
Amnesiac's ghost is severely damaged.
Amnesiac's ghost closely misses you. Amnesiac's ghost hits you.
You slash Amnesiac's ghost!
You destroy Amnesiac's ghost!
You hit the ogre but do no damage. The ogre hits you with a giant club.
The ogre hits you with a giant club!
You climb upwards.
There is a stone staircase leading down here.
You hit the ogre.
The ogre is lightly wounded.
The ogre hits you with a giant club!
You slash the ogre!
The ogre is moderately wounded.
The ogre hits you with a giant club!
You slash the ogre!
The ogre is almost dead.
The ogre hits you with a giant club!!
You die...

######## ########......#
#......#......#
#######......#......#
#............#......####
##...##......#......##..
###.##......#.........#
#...@............####
####O............#
#.......##########
####.................
########....................
###.......#########.......####
##...#####.8.8.8.8.###...###
###..### #..........# ##..##
..#.#######.........(# #...##
#


You could see an ogre.

Vanquished Creatures
  Menkaure (Ossuary)
  The ghost of Amnesiac the Grave Robber, an amateur DENe (D:4)
  3 vampire bats (D:3)
  A centaur zombie (Ossuary)
  2 hounds
  An orc wizard (D:4)
  Jessica (D:2)
  Ijyb (D:3)
  Terence (D:2)
  4 ogre zombies (Ossuary)
  6 mummies (Ossuary)
  5 adders
  An ooze (D:4)
  3 adder zombies (Ossuary)
  3 worms (D:2)
  2 dart slugs
  3 orcs
  2 bat skeletons (D:3)
  3 bat zombies (D:3)
  8 giant cockroaches
  A gnoll zombie (Ossuary)
  5 hobgoblins
  6 jackals
  A quokka (D:2)
  2 ball pythons
  3 bats
  A giant gecko skeleton (D:4)
  4 giant newts
  11 goblins
  4 goblin zombies (Ossuary)
  2 hobgoblin zombies (Ossuary)
  A jackal zombie (D:4)
  5 kobolds
  5 kobold zombies (Ossuary)
  An orc zombie (Ossuary)
  5 quokka zombies (Ossuary)
  4 rats
  4 rat zombies (Ossuary)
117 creatures vanquished.

Notes
Turn   | Place    | Note
-------+----------+-------------------------------------------
     0 | D:1      | Moloch the Demonspawn Fighter began the quest for the Orb.
     0 | D:1      | Reached XP level 1. HP: 18/18 MP: 1/1
   184 | D:1      | Gained mutation: You are slightly more attuned to the shadows. [demonic ancestry]
   184 | D:1      | Reached XP level 2. HP: 24/24 MP: 2/2
   593 | D:2      | Found a blossoming altar of Fedhas.
   611 | D:2      | Gained mutation: You are immune to rotting. [demonic ancestry]
   611 | D:2      | Reached XP level 3. HP: 12/30 MP: 3/3
   835 | D:2      | Reached skill level 4 in Fighting
  1172 | D:2      | Noticed Terence
  1185 | D:2      | Killed Terence
  1185 | D:2      | Gained mutation: You are partially covered in thin metallic scales. (AC +2) [demonic ancestry]
  1185 | D:2      | Reached XP level 4. HP: 35/38 MP: 4/4
  1277 | D:2      | Noticed Jessica
  1291 | D:2      | Killed Jessica
  1291 | D:2      | Reached skill level 5 in Fighting
  1490 | D:2      | Reached XP level 5. HP: 37/44 MP: 5/5
  1603 | D:3      | Found a basalt altar of Yredelemnul.
  1637 | D:3      | Found an ancient bone altar of Kikubaaqudgha.
  1645 | D:3      | Reached skill level 6 in Fighting
  1663 | D:3      | Gained mutation: You are significantly more attuned to the shadows. [demonic ancestry]
  1663 | D:3      | Reached XP level 6. HP: 52/53 MP: 6/6
  1752 | D:3      | Noticed Ijyb
  1763 | D:3      | Killed Ijyb
  1990 | D:4      | Found a stormy altar of Qazlal.
  2003 | D:4      | Found a blossoming altar of Fedhas.
  2047 | D:4      | Noticed Amnesiac's ghost (amateur DENe)
  2152 | D:4      | Reached skill level 7 in Fighting
  2207 | D:4      | Found a sand-covered staircase.
  2221 | D:4      | Reached skill level 1 in Long Blades
  2229 | Ossuary  | Entered an ossuary
  2256 | Ossuary  | Noticed Menkaure
  2757 | Ossuary  | Killed Menkaure
  2757 | Ossuary  | Reached XP level 7. HP: 9/61 MP: 1/7
  2790 | Ossuary  | Reached skill level 8 in Fighting
  3332 | D:4      | Killed Amnesiac's ghost
  3337 | D:3      | Mangled by an ogre

Vault maps used:
D:1:      onia_arrival_mini_spirals
D:2:      first_bread, fedhas_altar_2, uniq_terence, uniq_jessica
D:3:      kennysheep_the_goblin_king, kennysheep_vampire_church,
          nicolae_overflow_hidden_temple
D:4:      grunt_temple_overflow_forces_of_nature, enter_ossuary_3,
          minmay_item_behind_shaft
Ossuary:  ossuary_boxes_badplayer

Skill      XL: |  1  2  3  4  5  6  7 |
---------------+----------------------+-----
Axes           | 2 |  2.4
Fighting       | 4 5 6 7 8 |  8.6
Long Blades    | 1 2 |  2.2
Armour         | |  2.6
Shields        | |  2.6

Action                   |  1- 3 |  4- 6 |  7- 9 || total
-------------------------+-------+-------+-------++-------
Melee: War axe           |   134 |   194 |    90 ||   418
Evoke: Wand              |       |     3 |       ||     3
  Use: Scroll            |     1 |     6 |       ||     7
       Potion            |       |     2 |     1 ||     3
 Stab: Invisible         |       |     1 |       ||     1
  Eat: Chunk             |     1 |     4 |       ||     5
       Beef jerky        |       |     1 |     1 ||     2
Armor: Chain mail        |    74 |   140 |    27 ||   241
       Scale mail        |     3 |       |       ||     3
Dodge: Dodged            |    36 |    49 |    17 ||   102
Block: Shield            |    59 |   138 |    28 ||   225
